 Dungeon Crawl Stone Soup version 0.29.1-2-gbd0b4ee654 (webtiles) character file.

Game seed: 5296121761383358170

5401 raistware the Destroyer (level 10, 0/60 HPs)
             Began as an Octopode Conjurer on Oct 28, 2022.
             Was a Believer of Vehumet.
             Killed from afar by a steam dragon (21 damage)
             ... with a ball of steam
             ... on level 9 of the Dungeon.
             The game lasted 00:25:40 (10759 turns).

raistware the Destroyer (Octopode Conjurer)        Turns: 10759, Time: 00:25:40

Health: 0/60       AC:  8    Str:  7    XL:     10   Next: 67%
Magic:  8/23       EV: 18    Int: 39    God:    Vehumet [**....]
Gold:   407        SH:  0    Dex: 11    Spells: 18/27 levels left

rFire   . . .      SeeInvis .   h - +7 long sword of the Firefly {protect, rPois Int+3}
rCold   . . .      Faith    .   (no shield)
rNeg    . . .      Spirit   .   (helmet restricted)
rPois   +          Reflect  .   F - amulet of regeneration
rElec   .          Harm     .   j - ring of flight
rCorr   +          Rampage  .   p - +6 ring of intelligence
Will    .....                   r - ring of wizardry
Stlth   +++.......              t - +6 ring of intelligence
HPRegen 1.00/turn               x - ring of resist corrosion
MPRegen 0.18/turn               J - +4 ring of evasion
                                (no ring)
                                (no ring)

@: radiating poison, under a protective aura, flying
A: almost no armour, amphibious, 8 rings, camouflage 1, gelatinous body 1,
(nimble swimmer 1), tentacles
a: Renounce Religion


You were on level 9 of the Dungeon.
You worshipped Vehumet.
Vehumet was pleased with you.
You visited 2 branches of the dungeon, and saw 10 of its levels.

You collected 431 gold pieces.
You spent 24 gold pieces at shops.

Inventory:

Hand Weapons
 d - a +0 sling of freezing
 h - the +7 long sword of the Firefly (weapon) {protect, rPois Int+3}
   (You found it on level 2 of the Dungeon)

   It grants its wielder temporary protection when it strikes (+7 to AC).
   Int:       It affects your intelligence (+3).
   rPois:     It protects you from poison.
 w - the +6 whip of Wounding {speed, *Noise rN+ Int+3}
   (You found it on level 5 of the Dungeon)

   Attacks with this weapon are significantly faster.
   Int:       It affects your intelligence (+3).
   rN:        It protects you from negative energy.
   *Noise:    It may make noises in combat.
Missiles
 i - 15 poisoned darts
Jewellery
 c - a ring of fire
 j - a ring of flight (left tentacle)
 p - a +6 ring of intelligence (right tentacle)
 r - a ring of wizardry (on tentacle)
 t - a +6 ring of intelligence (on tentacle)
 x - a ring of resist corrosion (on tentacle)
 A - a ring of fire
 F - an amulet of regeneration (around mantle)
 J - a +4 ring of evasion (on tentacle)
Wands
 n - a wand of mindburst (13)
 o - a wand of paralysis (14)
 B - a wand of roots (12)
 E - a wand of acid (7)
Scrolls
 b - a scroll of blinking {unknown}
 f - 4 scrolls of magic mapping
 g - a scroll of poison {unknown}
 l - 3 scrolls of teleportation {unknown}
 s - 2 scrolls of butterflies {unknown}
 u - 2 scrolls of summoning {unknown}
 v - 2 scrolls of enchant armour {unknown}
 y - a scroll of amnesia {unknown}
 C - a scroll of noise {unknown}
 D - a scroll of enchant weapon {unknown}
 L - a scroll of immolation {unknown}
Potions
 a - 4 potions of magic
 e - a potion of brilliance
 k - a potion of flight {unknown}
 m - 2 potions of attraction {unknown}
 q - 4 potions of heal wounds
 z - a potion of invisibility {unknown}
 G - 2 potions of curing {unknown}
 H - 2 potions of haste {unknown}
 I - a potion of lignification {unknown}
 K - a potion of might {unknown}
 M - a potion of mutation {unknown}


   Skills:
 - Level 2.0 Fighting
 - Level 4.0 Dodging
 - Level 3.0 Stealth
 - Level 9.0 Spellcasting
 + Level 11.3 Conjurations
 - Level 2.0 Translocations
 - Level 4.0 Poison Magic
 - Level 2.0 Evocations


You had 18 spell levels left.
You knew the following spells:

 Your Spells              Type           Power      Damage    Failure   Level
a - Magic Dart            Conj           100%       1d8       0%          1
b - Iskenderun's Mystic   Conj/Tloc      62%        2d13      1%          4
c - Olgreb's Toxic Radia  Pois           48%        N/A       1%          4

Your spell library contained the following spells:

 Spells                   Type           Power      Damage    Failure   Level
 Sandblast                Erth           34%        2d9       1%          1
 Sting                    Tmut/Pois      100%       1d8       1%          1
 Summon Small Mammal      Summ           68%        N/A       1%          1
 Ensorcelled Hibernation  Hex/Ice        34%        N/A       1%          2
 Poisonous Vapours        Pois/Air       66%        N/A       1%          2
 Searing Ray              Conj           100%       2d8       1%          2
 Dazzling Flash           Conj/Hex       100%       N/A       1%          3
 Gell's Gravitas          Tloc           33%        N/A       1%          3
 Lesser Beckoning         Tloc           33%        N/A       1%          3
 Spider Form              Tmut/Pois      33%        N/A       1%          3
 Teleport Other           Tloc           33%        N/A       1%          3
 Fulminant Prism          Conj/Hex       29%        3d14      1%          4
 Call Canine Familiar     Summ           17%        N/A       2%          3
 Summon Guardian Golem    Hex/Summ       17%        N/A       2%          3
 Anguish                  Hex/Necr       8%         N/A       9%          4
 Summon Forest            Summ/Tloc      12%        N/A       16%         5
 Summon Mana Viper        Hex/Summ       17%        N/A       22%         5
 Summon Cactus Giant      Summ           8%         N/A       75%         6


Dungeon Overview and Level Annotations

Branches:
Dungeon (9/15)             Temple (1/1) D:6
   Lair: D:8-11         Orc: D:9-12

Altars:
Ashenzari
Cheibriados
Dithmenos
Elyvilon
Fedhas
Gozag
Hepliaklqana
Kikubaaqudgha
Makhleb
Nemelex Xobeh
Okawaru
Qazlal
Ru
Sif Muna
Trog
Uskayaw
Vehumet
Wu Jian
Xom
Yredelemnul
Zin

Shops:
D:2 ?=*   D:3 !   D:8 *

Annotations:
D:7 Joseph


Innate Abilities, Weirdness & Mutations

You cannot wear most types of armour.
You are amphibious.
You can wear up to eight rings at the same time.
Your skin changes colour to match your surroundings (Stealth+).
Your rubbery body absorbs attacks. (AC +1, EV +1)
((You are camouflaged when in or above water. (Stealth+)))
You have tentacles for arms and can constrict up to eight enemies at once.


Message History

You closely miss the steam dragon.
The steam dragon is severely wounded.
The steam dragon barely misses you. The steam dragon misses you.
The steam dragon bites you. The steam dragon completely misses you.
You slash the steam dragon!
Your weapon exudes an aura of protection.
Your squeeze misses the steam dragon.
The steam dragon is almost dead.
The steam dragon barely misses you.
The steam dragon claws you but does no damage.
You hit the steam dragon but do no damage.
The steam dragon is almost dead.
The steam dragon breathes steam at you. The ball of steam hits you!
The steam dragon bites you but does no damage.
The steam dragon claws you.
You closely miss the steam dragon. Your squeeze misses the steam dragon.
The steam dragon is almost dead.
You are engulfed in a cloud of scalding steam.
The steam dragon misses you. x2
You closely miss the steam dragon. Your squeeze misses the steam dragon.
The steam dragon is almost dead.
You are engulfed in a cloud of scalding steam.
The steam dragon bites you! The steam dragon misses you.
Your magical contamination has completely faded away.
You hit the steam dragon.
You kill the steam dragon!
Vehumet accepts your kill.
You feel your power returning.
The steam dragon scales are intact enough to wear.
The steam dragon breathes steam at you. The ball of steam misses you.
Casting: Iskenderun's Mystic Blast (dangerous; 1% risk of failure)
Confirm with . or Enter, or press ? or * to list all spells.
You begin to radiate toxic energy.
The steam dragon is poisoned.
You are engulfed in a cloud of scalding steam.
The steam dragon looks even sicker.
The steam dragon breathes steam at you. The ball of steam hits you!!
You die...

≈≈≈§§#...............
..≈§§............... ≈
#$.≈~.)†............ ≈.
###..≈D.)))..[........
≈.$#$§.§≈~#..............
§≈..#§≈§§D..#####........
§≈≈≈≈≈≈§#§§.# #........
.~~~~~§§§§.# #........
#....#.@§§# #......[.
......†..§§# #.....<..
...#.####§§# #......[[ ..
#..# #........ ..#
#..######........ .
###................
...>...................
.......................
#######................


There were no monsters in sight!

Vanquished Creatures
  Pikel (D:7)
  A hornet (D:9)
  2 trolls (D:9)
  2 wyverns (D:8)
  A steam dragon (D:9)
  Edmund (D:6)
  2 acid dragons (D:9)
  A black bear (D:4)
  5 sky beasts
  An orc warrior (D:6)
  2 ice beasts
  2 centaurs
  2 phantoms
  2 bullfrogs
  2 necrophages
  2 gnoll sergeants
  6 scorpions
  7 wights
  11 killer bees
  A howler monkey (D:8)
  A crimson imp (D:5)
  A hound (D:6)
  2 jellies
  5 orc priests
  Crazy Yiuf (D:6)
  Jessica (D:3)
  8 orc wizards
  3 iguanas
  12 gnolls
  7 adders
  2 white imps
  2 ufetubi
  2 dart slugs
  24 orcs
  4 bats (D:1)
  6 endoplasms
  2 giant cockroaches (D:1)
  2 goblins
  3 hobgoblins
  4 jackals (D:1)
  4 quokkas
  3 ball pythons
  6 frilled lizards
  7 kobolds
  5 rats
171 creatures vanquished.

Notes
Turn   | Place    | Note
-------+----------+-------------------------------------------
     0 | D:1      | raistware the Octopode Conjurer began the quest for the
                  | Orb.
     0 | D:1      | Reached XP level 1. HP: 11/11 MP: 3/3
   589 | D:1      | Reached XP level 2. HP: 17/17 MP: 2/5
  1698 | D:2      | Reached XP level 3. HP: 21/21 MP: 4/7
  1780 | D:2      | Found Dainuyqy's Jewellery Shoppe.
  1822 | D:2      | Identified the +1 robe of Vanity {Regen+ Str+2 Dex+3}
  1829 | D:2      | Found Qedinkae's Magic Scroll Shoppe.
  1835 | D:2      | Bought a scroll of identify for 24 gold pieces
  2125 | D:2      | Reached XP level 4. HP: 22/27 MP: 2/9
  2378 | D:2      | Learned a level 4 spell: Iskenderun's Mystic Blast
  2383 | D:2      | Learned a level 4 spell: Olgreb's Toxic Radiance
  2513 | D:2      | Identified the +7 long sword of the Firefly {protect, rPois
                  | Int+3}
  2822 | D:2      | Reached skill level 1 in Poison Magic
  2853 | D:2      | Found Wuskirpha's General Store.
  3009 | D:3      | Reached skill level 1 in Translocations
  3009 | D:3      | Reached XP level 5. HP: 23/31 MP: 11/11
  3539 | D:3      | Found Nureb's Distillery.
  3540 | D:3      | Noticed Jessica
  3543 | D:3      | Killed Jessica
  3564 | D:3      | Reached XP level 6. HP: 30/36 MP: 7/12
  3571 | D:3      | Found a faded altar of an unknown god.
  3833 | D:3      | Found an ancient bone altar of Kikubaaqudgha.
  4477 | D:4      | Noticed a black bear
  4490 | D:4      | Killed a black bear
  4491 | D:4      | Reached skill level 5 in Conjurations
  4505 | D:4      | Reached XP level 7. HP: 41/41 MP: 6/14
  4666 | D:4      | Reached skill level 5 in Spellcasting
  4669 | D:4      | Reached skill level 6 in Conjurations
  5092 | D:5      | Entered Level 5 of the Dungeon
  5203 | D:5      | Identified the +6 whip of Wounding {speed, *Noise rN+
                  | Int+3}
  5329 | D:5      | Reached skill level 1 in Evocations
  5477 | D:5      | Identified the +10 scale mail "Utiwnei" {Fly rPois Str-2}
  5519 | D:5      | Reached skill level 1 in Fighting
  5691 | D:5      | Reached XP level 8. HP: 48/48 MP: 10/15
  6486 | D:6      | Found a staircase to the Ecumenical Temple.
  6497 | Temple   | Entered the Ecumenical Temple
  6924 | Temple   | Became a worshipper of Vehumet
  7020 | D:6      | Reached skill level 7 in Conjurations
  7286 | D:6      | Noticed Edmund
  7308 | D:6      | Killed Edmund
  7309 | D:6      | Reached skill level 8 in Conjurations
  7309 | D:6      | Reached XP level 9. HP: 53/53 MP: 12/19
  7566 | D:6      | Found a runed translucent door.
  7567 | D:6      | Noticed Crazy Yiuf
  7577 | D:6      | Killed Crazy Yiuf
  8275 | D:7      | Noticed Joseph
  8338 | D:7      | Reached * piety under Vehumet
  8338 | D:7      | Offered knowledge of Freeze by Vehumet.
  8360 | D:7      | Noticed Pikel
  8368 | D:7      | Killed Pikel
  8369 | D:7      | Reached skill level 9 in Conjurations
  9421 | D:8      | Found Nahomax's General Store.
  9462 | D:8      | Reached XP level 10. HP: 44/60 MP: 22/22
 10157 | D:9      | Reached skill level 10 in Conjurations
 10620 | D:9      | Reached ** piety under Vehumet
 10620 | D:9      | Offered knowledge of Sandblast by Vehumet.
 10625 | D:9      | Reached skill level 11 in Conjurations
 10759 | D:9      | Killed from afar by a steam dragon

Illustrated notes

Levels and vault maps discovered:
D:1:      dpeg_arrival_chambers_temple_mockup, layout_basic
D:2:      layout_loops_ring, serial_shops, shop, shop, nicolae_lakefront_shop
D:3:      layout_loops_corners, old_standard_altar,
          chequers_ecumenical_altar_simple_redux, serial_shops, shop_statue,
          uniq_jessica
D:4:      layout_gridville, eino_tiny_chamber
D:5:      layout_basic, minmay_fire_ice_demons
D:6:      layout_cave_pools, minmay_temple_entry_gardened_gates,
          uniq_crazy_yiuf_cottage, uniq_edmund
D:7:      layout_layer_cave, chequers_arboretum, uniq_pikel, uniq_joseph
D:8:      layout_loops_cross, serial_shops, nicolae_shop_waterfront,
          minmay_door_square
D:9:      layout_small_grid, hangedman_misty_isle
Temple:   mainiacjoe_temple_big_plus

Skill      XL: |  1  2  3  4  5  6  7  8  9 10 |
---------------+-------------------------------+-----
Spellcasting   | 3 4 5 6 8 9 |  9.0
Poison Magic   | 1 2 3 4 |  4.0
Translocations | 1 2 |  2.0
Stealth        | 3 |  3.0
Conjurations   | 5 6 8 9 11 | 11.3
Evocations     | 1 2 |  2.0
Fighting       | 1 2 |  2.0
Dodging        | 3 4 |  4.0

Action                   |  1- 3 |  4- 6 |  7- 9 | 10-12 || total
-------------------------+-------+-------+-------+-------++-------
Melee: Unarmed           |    12 |     3 |       |       ||    15
       Tentacles         |     3 |     2 |     8 |     4 ||    17
       Long sword        |       |    27 |    55 |    20 ||   102
       Constrict         |       |     8 |     8 |     1 ||    17
       Punch             |       |       |       |     1 ||     1
 Fire: Sling             |    10 |       |       |       ||    10
Throw: Dart              |     7 |    11 |       |       ||    18
 Cast: Magic Dart        |    51 |    86 |    80 |    38 ||   255
       Olgreb's Toxic Ra |       |     1 |    22 |     6 ||    29
       Iskenderun's Myst |       |       |     9 |    22 ||    31
Evoke: Wand              |       |     2 |     3 |       ||     5
  Use: Scroll            |     3 |       |     1 |       ||     4
       Potion            |     1 |       |     1 |       ||     2
 Stab: Sleeping          |     1 |     4 |     1 |       ||     6
       Paralysed         |       |       |     6 |       ||     6
Armor: Skin              |     1 |     5 |    15 |    10 ||    31
Dodge: Dodged            |    11 |    28 |    40 |    52 ||   131
